AoeStats
← kova32ajsk

Arena

508570244Analyzed
4v4 RM · 11d ago on Sep 23, 2026· 41m 15s· 8 players
Game mode
Random Map
Map size
Large (8 player)
Population
200
Speed
Normal
Resources
Standard
Victory
Conquest
Starting age
Dark Age
Ending age
Imperial Age
RankedLock teamsTeams togetherTeam positionsShared explorationLock speedFull tech treeHidden civsTurbo modeCheats
Victory
Defeat
🇨🇴 Bohemians · Colombia
1038
+15
🇲🇽 Saracens · Mexico
1025
+16
🇲🇽 Bulgarians · Mexico
1015
+16
🇨🇦 Wu · Canada
1012
+16
🇺🇸 Danes · United States
1060
-17
🇨🇴 Aztecs · Colombia
1049
-16
🇨🇳 Vikings · China
1011
-16
🇺🇸 Britons · United States
965
-14
Elite Seraphim
11:47 Feudal Age
16:06 Castle Age
14:17 Double-Bit Axe
14:35 Horse Collar
15:24 Gold Mining
15:25 Stone Mining
15:34 Loom
16:59 Wheelbarrow
17:27 Bow Saw
19:44 Ballistics
19:17 Fletching
19:28 Padded Archer Armor
20:43 Bodkin Arrow
26:06 Red Cliffs Tactics
26:50 Leather Archer Armor
27:25 Heavy Plow
28:42 Hand Cart
30:46 Murder Holes
31:47 Forging
31:40 Scale Mail Armor
32:09 Squires
31:54 Arson
38:13 Imperial Age
38:59 Bracer
39:25 Conscription
39:47 Chain Mail Armor
40:07 Iron Casting
41:49 Plate Mail Armor
42:32 Blast Furnace
Irianas
10:59 Feudal Age
11:48 Double-Bit Axe
15:43 Castle Age
14:09 Horse Collar
17:31 Bow Saw
18:55 Wheelbarrow
18:06 Town Watch
19:39 Heavy Plow
27:50 Imperial Age
27:13 Chemistry
25:55 Elite Skirmisher
27:52 Ballistics
28:31 Fletching
28:42 Padded Archer Armor
31:30 Leather Archer Armor
34:12 Conscription
37:09 Bodkin Arrow
37:45 Ring Archer Armor
37:41 Heavy Scorpion
40:58 Two-Man Saw
NeessQuiick
10:54 Feudal Age
16:12 Castle Age
14:28 Double-Bit Axe
14:26 Horse Collar
14:40 Gold Mining
14:42 Stone Mining
14:47 Gold Mining
26:40 Wheelbarrow
26:09 Heavy Plow
31:28 Imperial Age
29:27 Fletching
30:00 Ballistics
29:38 Murder Holes
29:47 Padded Archer Armor
29:57 Scale Barding Armor
30:58 Husbandry
31:08 Bloodlines
31:24 Bow Saw
31:30 Light Cavalry
37:49 Hand Cart
37:19 Loom
38:26 Chain Barding Armor
38:02 Bodkin Arrow
38:18 Forging
38:23 Leather Archer Armor
37:44 Elite Skirmisher
40:46 Chemistry
39:52 Siege Engineers
41:14 Town Watch
40:53 Hussar
omarUMP
3:27 Loom
12:18 Feudal Age
13:02 Loom
16:01 Castle Age
15:38 Double-Bit Axe
16:00 Loom
16:51 Wheelbarrow
17:29 Bow Saw
22:28 Horse Collar
23:41 Fletching
25:52 Bodkin Arrow
31:34 Imperial Age
29:43 Forging
29:41 Scale Barding Armor
32:04 Bloodlines
31:54 Husbandry
35:56 Scale Mail Armor
37:11 Stirrups
39:13 Iron Casting
40:50 Murder Holes
41:24 Bracer
kova32ajsk
10:38 Feudal Age
11:55 Wheelbarrow
11:09 Double-Bit Axe
16:52 Castle Age
15:02 Horse Collar
15:16 Stone Mining
18:01 Hand Cart
20:05 Bow Saw
25:17 Heavy Plow
25:52 Gold Mining
30:21 Imperial Age
28:06 Padded Archer Armor
28:18 Fletching
30:00 Ballistics
29:39 Bodkin Arrow
30:11 Leather Archer Armor
31:26 Yeomen
32:29 Conscription
32:34 Conscription
33:41 Bracer
34:12 Ring Archer Armor
33:42 Scale Mail Armor
33:14 Pikeman
33:54 Squires
35:16 Chemistry
34:28 Masonry
35:31 Elite Longbowman
36:16 Arrowslits
36:09 Elite Skirmisher
38:37 Chain Mail Armor
38:33 Forging
40:13 Elite Longbowman
oogaboogawherdayat
0:29 Loom
2:28 Loom
11:04 Feudal Age
11:35 Loom
13:07 Horse Collar
13:13 Double-Bit Axe
17:37 Castle Age
15:59 Gold Mining
16:31 Stone Mining
18:20 Town Watch
18:37 Heavy Plow
18:50 Bow Saw
19:24 Fletching
20:18 Bodkin Arrow
22:49 Scale Mail Armor
27:33 Wheelbarrow
27:49 Masonry
30:42 Imperial Age
32:39 Padded Archer Armor
32:43 Bracer
33:38 Gold Shaft Mining
33:52 Ballistics
34:02 Hand Cart
35:32 Forging
38:11 Squires
francisco.jose.serpa
10:35 Feudal Age
12:45 Loom
15:25 Castle Age
13:31 Double-Bit Axe
14:39 Horse Collar
20:04 Fletching
20:15 Padded Archer Armor
20:13 Gambesons
20:28 Squires
20:37 Scale Mail Armor
21:46 Arson
23:42 Forging
23:30 Eagle Warrior
25:07 Elite Skirmisher
25:53 Bodkin Arrow
25:58 Padded Archer Armor
26:50 Wheelbarrow
26:01 Town Watch
28:10 Ballistics
28:20 Chain Mail Armor
28:21 Leather Archer Armor
30:49 Hand Cart
30:34 Town Patrol
33:47 Imperial Age
33:14 Atlatl
34:14 Capped Ram
34:33 Elite Eagle Warrior
37:09 Chemistry
36:05 Murder Holes
36:52 Conscription
39:05 Plate Mail Armor
39:10 Coinage
39:18 Iron Casting
38:44 Bracer
39:45 Gold Mining
39:45 Stone Mining
39:47 Siege Ram
SQovs搁浅的跳虾
10:43 Feudal Age
10:52 Feudal Age
11:41 Horse Collar
11:50 Double-Bit Axe
17:31 Castle Age
15:58 Stone Mining
18:32 Bow Saw
18:26 Heavy Plow
19:46 Gold Mining
21:20 Loom
24:16 Gold Shaft Mining
25:47 Man-at-Arms
26:29 Squires
26:15 Arson
27:06 Scale Mail Armor
27:17 Forging
26:59 Fletching
26:32 Crossbowman
26:44 Long Swordsman
28:36 Chain Mail Armor
29:33 Iron Casting
31:40 Chieftains
35:20 Imperial Age
33:02 Bodkin Arrow
33:08 Padded Archer Armor
32:53 Pikeman
36:11 Bogsveigar
36:31 Conscription
36:50 Crop Rotation
35:59 Two-Handed Swordsman
37:46 Plate Mail Armor
41:21 Two-Man Saw
41:25 Blast Furnace
40:25 Bracer
Connection lost

Rejoining the realm…

Still unreachable

The connection could not be restored.

Session expired

The server has moved on; the page needs a fresh start.